 Dungeon Crawl Stone Soup version 0.21.1-1-g345015f (webtiles) character file.

231 HEYYEYAAE the Conjurer (level 5, -1/31 HPs)
             Began as a Deep Elf Conjurer on Feb 10, 2018.
             Slain by Sigmund
             ... wielding a cursed -3 scythe
              (7 damage)
             ... on level 2 of the Dungeon.
             The game lasted 00:04:12 (2154 turns).

HEYYEYAAE the Conjurer (Deep Elf Conjurer)          Turns: 2154, Time: 00:04:13

Health: -1/31      AC:  4    Str:  4 (5)  XL:     5   Next: 72%
Magic:  8/13       EV: 13    Int: 19 (21) God:
Gold:   148        SH:  0    Dex: 13 (15) Spells: 9/12 levels left

rFire    . . .     SeeInvis .   t - +0 spear
rCold    . . .     Gourm    .   (no shield)
rNeg     . . .     Faith    .   a - +0 robe
rPois    .         Spirit   .   s - +0 helmet
rElec    .         Reflect  .   i - +0 cloak (curse)
rCorr    .         Harm     .   (no gloves)
MR       .....                  (no boots)
Stlth    ++........             (no amulet)
HPRegen  0.10/turn              (no ring)
MPRegen  0.13/turn              (no ring)

@: flying
A: claws 1, screaming 1
a: no special abilities


You were on level 2 of the Dungeon.
You were hungry.

You visited 1 branch of the dungeon, and saw 4 of its levels.

You collected 148 gold pieces.

Inventory:

Hand Weapons
 t - a +0 spear (weapon)
 u - a +2 falchion of holy wrath
Armour
 a - a +0 robe (worn)
 i - a cursed +0 cloak (worn)
 s - a +0 helmet (worn)
Jewellery
 q - a cursed ring of loudness {unknown}
Scrolls
 d - a scroll of amnesia {unknown}
 e - a scroll of immolation {unknown}
 f - 2 scrolls of magic mapping {unknown}
 j - 4 scrolls of identify {unknown}
 k - 3 scrolls of remove curse {unknown}
 n - a scroll of enchant weapon {unknown}
 p - 2 scrolls of fear {unknown}
 r - 2 scrolls of teleportation {unknown}
Potions
 v - 2 potions of agility {unknown}
Books
 b - a book of Conjurations

   Spells                             Type                      Level
   a - Magic Dart                     Conjuration                  1
   b - Searing Ray                    Conjuration                  2
   c - Dazzling Spray                 Conjuration/Hexes            3
   d - Fulminant Prism                Conjuration/Hexes            4
   e - Force Lance                    Conjuration/Translocation    4
   f - Iskenderun's Mystic Blast      Conjuration                  4
Comestibles
 c - 5 rations


   Skills:
 * Level 2.5 Fighting
 + Level 1.6 Armour
 + Level 3.6 Dodging
 - Level 2.4 Stealth
 + Level 4.1 Spellcasting
 + Level 5.0 Conjurations


You had 9 spell levels left.
You knew the following spells:

 Your Spells              Type           Power        Failure   Level  Hunger
a - Magic Dart            Conj           ###.         1%          1    None
b - Searing Ray           Conj           ###...       2%          2    ##.....


Dungeon Overview and Level Annotations

Branches:
Dungeon (4/15)
 Temple: D:4-7

Altars:
Trog

Annotations:
D:2 Sigmund


Innate Abilities, Weirdness & Mutations

You have sharp fingernails.
You occasionally shout uncontrollably at your foes.


Message History

Press: ? - help, Shift-Dir - straight line The searing ray hits something. (Press . to maintain the ray.)
Something hits you!
* * * LOW HITPOINT WARNING * * *
Casting: Searing Ray
Confirm with . or Enter, or press ? or * to list all spells.
Aiming: Searing Ray
Press: ? - help, Shift-Dir - straight line The searing ray hits something. (Press . to maintain the ray.)
Casting: Searing Ray
Confirm with . or Enter, or press ? or * to list all spells.
Aiming: Searing Ray
Press: ? - help, Shift-Dir - straight line (Press . to maintain the ray.)
Something hits you.
* * * LOW HITPOINT WARNING * * *
You feel better. Something hits you!
You die...

.... .... #... .... ...
..... # .. ##..... ... #.
............
...)##.##..........
...................
.......{@>........#
+###..
..................#
....<.
..................#
......
..................#
......
#.......#......<..##
......
...................######
......
........................#
...(..
..................####.##
......
....#.....##.#.#### #..#


There were no monsters in sight!

Vanquished Creatures
  A hound (D:3)
  An orc wizard (D:3)
  A centaur skeleton (D:3)
  Terence (D:2)
  Robin (D:3)
  3 adders
  An ooze (D:2)
  A worm (D:3)
  2 dart slugs (D:1)
  2 leopard geckos (D:3)
  4 orcs (D:3)
  5 bats
  3 giant cockroaches
  12 goblins
  9 hobgoblins
  2 jackals (D:3)
  4 frilled lizards
  6 kobolds
  9 rats
68 creatures vanquished.

Vanquished Creatures (others)
  A wizard (D:3)
1 creature vanquished.

Grand Total: 69 creatures vanquished

Notes
Turn   | Place    | Note
-------+----------+-------------------------------------------
     0 | D:1      | HEYYEYAAE the Deep Elf Conjurer began the quest for the Orb.
     0 | D:1      | Reached XP level 1. HP: 10/10 MP: 6/6
   382 | D:1      | Reached XP level 2. HP: 16/16 MP: 4/8
   771 | D:2      | Reached skill level 1 in Fighting
   959 | D:2      | Reached XP level 3. HP: 20/20 MP: 6/9
   995 | D:2      | Noticed Terence
  1000 | D:2      | Killed Terence
  1000 | D:2      | Reached skill level 1 in Armour
  1120 | D:3      | Reached XP level 4. HP: 25/25 MP: 7/11
  1126 | D:3      | Noticed Robin
  1152 | D:3      | Killed Robin
  1420 | D:3      | Reached XP level 5. HP: 30/30 MP: 8/12
  1590 | D:4      | Learned a level 2 spell: Searing Ray
  1619 | D:3      | Reached skill level 5 in Conjurations
  1633 | D:3      | Found a bloodstained altar of Trog.
  1634 | D:3      | Noticed a wizard
  1640 | D:3      | Killed a wizard
  2130 | D:2      | Noticed Sigmund
  2139 | D:2      | Gained mutation: You occasionally shout uncontrollably at your foes. [potion of mutation]
  2139 | D:2      | Gained mutation: You have sharp fingernails. [potion of mutation]
  2153 | D:2      | HP: 1/31 [something (5)]
  2154 | D:2      | Slain by Sigmund

Skill      XL: |  1  2  3  4  5 |
---------------+----------------+-----
Fighting       | 1 2 |  2.5
Armour         | 1 |  1.6
Dodging        | 3 |  3.6
Spellcasting   | 4 |  4.1
Conjurations   | 5 |  5.0
Stealth        | |  2.4

Action                   |  1- 3 |  4- 6 || total
-------------------------+-------+-------++-------
Melee: Spear             |       |    37 ||    37
 Cast: Magic Dart        |    57 |    81 ||   138
       Searing Ray       |       |    14 ||    14
  Use: Potion            |       |     8 ||     8
 Stab: Distracted        |       |     1 ||     1
       Sleeping          |       |     1 ||     1
  Eat: Chunk             |       |     3 ||     3
Armor: Robe              |     1 |     8 ||     9
Dodge: Dodged            |     3 |    30 ||    33
